 Dungeon Crawl Stone Soup version 0.26.1-11-gd32895ea62 (webtiles) character file.

Game seed: 2840654102312983526

8834 ubername the Frost Mage (level 11, -10/75 HPs)
             Began as a Barachi Ice Elementalist on July 9, 2021.
             Was an Elder of Vehumet.
             Mangled by an ancient lich (14 damage)
             ... on level 1 of the Abyss.
             The game lasted 00:37:32 (11883 turns).

ubername the Frost Mage (Barachi Ice Elementalist) Turns: 11883, Time: 00:37:33

Health: -10/75     AC: 10    Str: 10    XL:     11   Next: 37%
Magic:  21/25      EV: 15    Int: 25    God:    Vehumet [****..]
Gold:   435        SH:  0    Dex: 16    Spells: 10/31 levels left

rFire    . . .     SeeInvis .   a - +9 halberd
rCold    + . .     Faith    +   (shield currently unavailable)
rNeg     . . .     Spirit   .   j - +2 robe {rC+}
rPois    .         Reflect  .   t - +0 helmet
rElec    .         Harm     .   d - +0 cloak
rCorr    .         Rampage  .   (no gloves)
Will     .....                  (no boots)
Stlth    +++.......             l - amulet of faith
HPRegen  0.22/turn              F - +6 ring of intelligence
MPRegen  0.19/turn              p - +6 ring of dexterity

@: slow
A: +LOS, swims, icy blue scales 1, slimy green scales 1, clumsy 1, slowness 1,
MP-powered wands, strong legs 1
a: Hop, Renounce Religion


You were on level 1 of the Abyss.
You worshipped Vehumet.
Vehumet was greatly pleased with you.
You visited 2 branches of the dungeon, and saw 11 of its levels.
You visited the Abyss 1 time.

You collected 523 gold pieces.
You spent 88 gold pieces at shops.

Inventory:

Hand Weapons
 a - a +9 halberd (weapon)
 b - a +2 hunting sling of flaming
 x - a +4 dagger of speed
 A - a +2 dagger of chaos
Missiles
 e - 22 boomerangs
 i - 36 poisoned darts
 o - 147 sling bullets
 E - 8 javelins (quivered)
Armour
 d - a +0 cloak (worn)
 j - a +2 robe of cold resistance (worn)
 t - a +0 helmet (worn)
Jewellery
 c - a +4 ring of evasion
 l - an amulet of faith (around neck)
 m - an uncursed ring of see invisible
 p - a +6 ring of dexterity (right hand)
 s - a +6 ring of strength
 y - an uncursed ring of protection from fire
 F - a +6 ring of intelligence (left hand)
Wands
 v - a wand of random effects (12)
 w - a wand of polymorph (6)
 C - a wand of flame (21)
Scrolls
 h - 8 scrolls of remove curse
 n - 2 scrolls of amnesia
 q - 5 scrolls of teleportation
 r - 3 scrolls of fog
 B - a scroll of identify
Potions
 f - 3 potions of flight
 k - 2 potions of brilliance
 D - 2 potions of curing
Miscellaneous
 u - a phial of floods


   Skills:
 + Level 3.1 Fighting
 + Level 1.1 Maces & Flails
 + Level 6.0 Polearms
 * Level 4.7 Throwing
 + Level 4.9 Dodging
 + Level 3.6 Stealth
 + Level 0.6 Unarmed Combat
 * Level 10.5 Spellcasting
 * Level 0.8 Conjurations
 + Level 2.0 Summonings
 * Level 1.3 Fire Magic
 + Level 11.7 Ice Magic
 * Level 2.4 Earth Magic


You had 10 spell levels left.
You knew the following spells:

 Your Spells              Type           Power        Failure   Level
a - Freeze                Ice            100%         1%          1
b - Frozen Ramparts       Ice            100%         1%          3
c - Ozocubu's Armour      Ice            64%          1%          3
d - Summon Ice Beast      Ice/Summ       47%          2%          4
e - Hailstorm             Conj/Ice       44%          1%          4
f - Shock                 Conj/Air       60%          1%          1
g - Bolt of Magma         Conj/Fire/Erth 10%          17%         5

Your spell library contained the following spells:

 Spells                   Type           Power        Failure   Level
 Ignite Poison            Fire/Tmut/Pois 15%          3%          3
 Summon Small Mammal      Summ           92%          1%          1
 Animate Skeleton         Necr           26%          4%          1
 Apportation              Tloc           26%          4%          1
 Beastly Appendage        Tmut           26%          4%          1
 Corona                   Hex            14%          4%          1
 Ice Form                 Ice/Tmut       42%          4%          4
 Wereblood                Tmut           13%          7%          2
 Spider Form              Tmut/Pois      6%           14%         3
 Iskenderun's Battlesphe  Conj           17%          24%         5
 Iron Shot                Conj/Erth      10%          63%         6
 Blade Hands              Tmut           6%           78%         5
 Orb of Destruction       Conj           8%           99%         7
 Spellforged Servitor     Conj/Summ      10%          99%         7


Dungeon Overview and Level Annotations

Branches:
Dungeon (10/15)            Temple (1/1) D:5
   Lair: D:8-11         Orc: D:9-12

Altars:
Ashenzari
Dithmenos
Elyvilon
Fedhas
Gozag
Hepliaklqana
Kikubaaqudgha
Makhleb
Nemelex Xobeh
Okawaru
Qazlal
Sif Muna
Trog
Uskayaw
Vehumet
Wu Jian
Xom
Zin
The Shining One
Beogh

Shops:
D:6 !   D:7 *=   D:9 !

Annotations:
D:7 2 runed translucent doors
D:10 Erolcha


Innate Abilities, Weirdness & Mutations

You can be seen from farther away. (+LOS)
You can swim through water.
You cover ground slowly.
You can hop short distances.
You are partially covered in icy blue scales. (AC +2)
You are partially covered in slimy green scales. (AC +2)
You are clumsy. (Dex -2)
You expend magic power (3 MP) to strengthen your wands.


Message History

Okay, then.
You bump into the stone wall.
The ancient lich points at you and mumbles some strange words.
The iron shot misses you.
You hear a shout!
You're too confused to cast spells.
Unknown command.
You feel better. The ancient lich casts a spell at you.
The iron shot hits you!!!
Ouch! That really hurt!
* * * LOW HITPOINT WARNING * * *
Okay, then.
Unknown command.
Aiming: Random Effects
Press: ? - help, Shift-Dir - straight line, f - ancient lich
Aim: an ancient lich You feel a surge of power!
The ancient lich is unaffected.
The ancient lich touches you!
You die...

## ##
#..# #
# ####
. #
#.@# .
. #
###L.#
.#
..## #
5..#.#
#
#####.
.## .
# # .#
# #..
... .
. . .


You could see an ancient lich.

Vanquished Creatures
  Pikel (D:7)
  A cyclops (D:7)
  A gargoyle (D:7)
  Psyche (D:9)
  A freezing wraith (D:7)
  2 trolls
  A hornet (D:7)
  The ghost of ZoeForever1 the Conjurer, an amateur HuCj (D:3)
  6 yaks (D:10)
  3 humans
  A basilisk (D:7)
  4 hogs (D:7)
  A water moccasin (D:9)
  3 orc warriors
  3 sky beasts
  An ice beast (D:6)
  2 phantoms
  6 ogres
  3 centaurs
  2 lemures (D:7)
  3 bullfrogs
  4 killer bees (D:7)
  5 wights (D:7)
  4 howler monkeys
  A crimson imp (D:9)
  3 bullfrog zombies
  A jelly (D:5)
  8 orc wizards
  A gnoll shaman (D:5)
  4 hounds
  2 centaur skeletons
  7 orc priests
  2 bullfrog skeletons
  An iron imp (Abyss:1)
  3 iguanas
  5 worker ants
  4 worker ant zombies
  6 gnolls
  16 adders
  A white imp (Abyss:1)
  4 ufetubi
  2 adder skeletons
  3 worms
  5 leopard geckos
  41 orcs
  7 giant cockroaches
  10 goblins
  8 hobgoblins
  9 jackals
  3 quokkas
  5 bats
  A frilled lizard (D:1)
  A goblin zombie (D:9)
  A hobgoblin zombie (D:9)
  2 jackal zombies
  8 kobolds
  A kobold skeleton (D:9)
  A kobold zombie (D:9)
  3 orc zombies (D:9)
  A quokka zombie (D:8)
  9 rats
250 creatures vanquished.

Vanquished Creatures (collateral kills)
  A two-headed ogre (D:8)
  A bullfrog zombie (D:7)
  A worker ant (D:9)
  A shadow imp (D:9)
  A leopard gecko (D:7)
  A giant cockroach (D:8)
6 creatures vanquished.

Vanquished Creatures (others)
  A human (D:6)
  3 starspawn tentacles (Abyss:1)
4 creatures vanquished.

Grand Total: 260 creatures vanquished

Notes
Turn   | Place    | Note
-------+----------+-------------------------------------------
     0 | D:1      | ubername the Barachi Ice Elementalist began the quest for
                  | the Orb.
     0 | D:1      | Reached XP level 1. HP: 13/13 MP: 3/3
    41 | D:1      | Reached skill level 5 in Ice Magic
   313 | D:1      | Reached XP level 2. HP: 19/19 MP: 3/5
  1194 | D:1      | Reached XP level 3. HP: 24/24 MP: 2/6
  1433 | D:1      | Gained mutation: You are frail. (-10% HP) [potion of
                  | mutation]
  1433 | D:1      | Gained mutation: Your magical capacity is low. (-10% MP)
                  | [potion of mutation]
  1433 | D:1      | Gained mutation: You have sharp fingernails. [potion of
                  | mutation]
  1638 | D:2      | Learned a level 3 spell: Frozen Ramparts
  1642 | D:2      | Learned a level 3 spell: Ozocubu's Armour
  1946 | D:2      | Lost mutation: You are frail. (-10% HP) [potion of
                  | mutation]
  1946 | D:2      | Lost mutation: Your magical capacity is low. (-10% MP)
                  | [potion of mutation]
  1946 | D:2      | Lost mutation: You have sharp fingernails. [potion of
                  | mutation]
  1946 | D:2      | Gained mutation: You are clumsy. (Dex -2) [potion of
                  | mutation]
  1946 | D:2      | Gained mutation: You are partially covered in icy blue
                  | scales. (AC +2) [potion of mutation]
  1946 | D:2      | Gained mutation: You expend magic power (3 MP) to
                  | strengthen your wands. [potion of mutation]
  1946 | D:2      | Gained mutation: You are partially covered in slimy green
                  | scales. (AC +2) [potion of mutation]
  2210 | D:2      | Reached XP level 4. HP: 30/30 MP: 4/8
  2694 | D:3      | Found an ornate altar of the Wu Jian Council.
  2781 | D:3      | Found an iron altar of Okawaru.
  3233 | D:3      | Found a runed translucent gate.
  3233 | D:3      | Found a runed translucent gate.
  3233 | D:3      | Found a runed translucent gate.
  3237 | D:3      | Noticed ZoeForever1's ghost (amateur HuCj)
  3254 | D:3      | Found a glowing silver altar of Zin.
  3264 | D:3      | Found a roughly hewn altar of Beogh.
  3272 | D:3      | Reached XP level 5. HP: 25/35 MP: 2/9
  3294 | D:3      | Killed ZoeForever1's ghost
  3295 | D:3      | Reached skill level 1 in Maces & Flails
  3295 | D:3      | Reached skill level 6 in Ice Magic
  3295 | D:3      | Reached XP level 6. HP: 10/42 MP: 8/12
  3772 | D:3      | Found a radiant altar of Vehumet.
  3774 | D:3      | Found a shimmering altar of Xom.
  3774 | D:3      | Found a snail-covered altar of Cheibriados.
  3775 | D:3      | Found a glowing golden altar of the Shining One.
  3775 | D:3      | Found a radiant altar of Vehumet.
  3775 | D:3      | Found an ancient bone altar of Kikubaaqudgha.
  4473 | D:4      | Reached skill level 7 in Ice Magic
  4473 | D:4      | Reached XP level 7. HP: 47/47 MP: 7/14
  5050 | D:4      | Reached skill level 5 in Spellcasting
  5189 | D:4      | Reached skill level 1 in Polearms
  5189 | D:4      | Reached skill level 1 in Throwing
  5351 | D:5      | Entered Level 5 of the Dungeon
  5382 | D:5      | Reached skill level 8 in Ice Magic
  5390 | D:5      | Reached skill level 1 in Fighting
  5500 | D:5      | Reached XP level 8. HP: 54/54 MP: 10/16
  5544 | D:5      | Found a stormy altar of Qazlal.
  5805 | D:5      | Found a staircase to the Ecumenical Temple.
  5832 | Temple   | Entered the Ecumenical Temple
  5837 | Temple   | Became a worshipper of Vehumet
  6159 | D:5      | Reached skill level 9 in Ice Magic
  6392 | D:6      | Found Mutwoi's Distillery.
  6396 | D:6      | Bought a potion of heal wounds for 55 gold pieces
  6396 | D:6      | Bought a potion of curing for 33 gold pieces
  6452 | D:6      | Found an ancient bone altar of Kikubaaqudgha.
  6763 | D:6      | Reached XP level 9. HP: 62/62 MP: 12/19
  6767 | D:6      | Reached * piety under Vehumet
  6767 | D:6      | Offered knowledge of Magic Dart by Vehumet.
  7336 | D:7      | Noticed Pikel
  7350 | D:7      | Killed Pikel
  7489 | D:7      | Found Marchoaddo's Elemental Accessories.
  7886 | D:7      | Noticed a deep elf mage
  7896 | D:7      | Noticed a cyclops
  7896 | D:7      | a deep elf mage changed into a cyclops
  7900 | D:7      | Killed a cyclops
  7901 | D:7      | Reached skill level 10 in Ice Magic
  8116 | D:7      | Found a runed translucent door.
  8116 | D:7      | Found a runed translucent door.
  8116 | D:7      | Noticed a two-headed ogre
  8116 | D:7      | Noticed an orc knight
  8122 | D:7      | Learned a level 4 spell: Summon Ice Beast
  8127 | D:7      | Learned a level 4 spell: Hailstorm
  8162 | D:7      | Reached ** piety under Vehumet
  8189 | D:7      | Offered knowledge of Shock by Vehumet.
  8211 | D:7      | Learned a level 1 spell: Shock
  8218 | D:7      | Reached XP level 10. HP: 68/68 MP: 12/22
  8407 | D:7      | Found Pumag's Jewellery Boutique.
  8418 | D:7      | Reached skill level 5 in Polearms
  8638 | D:7      | Noticed a gargoyle
  8647 | D:7      | Killed a gargoyle
  8650 | D:7      | Reached skill level 1 in Summonings
  8657 | D:7      | Reached skill level 11 in Ice Magic
  8671 | D:7      | Offered knowledge of Dazzling Flash by Vehumet.
  9152 | D:8      | Found an iron altar of Okawaru.
  9192 | D:8      | Noticed a two-headed ogre
  9199 | D:8      | Killed a two-headed ogre
  9200 | D:8      | Reached skill level 10 in Spellcasting
  9686 | D:8      | Reached XP level 11. HP: 65/75 MP: 19/25
 10148 | D:8      | Reached *** piety under Vehumet
 10754 | D:9      | Offered knowledge of Iskenderun's Mystic Blast by Vehumet.
 10866 | D:9      | Found Bipeos's Distillery.
 10874 | D:9      | Learned a level 5 spell: Bolt of Magma
 11034 | D:9      | Found a glowing golden altar of the Shining One.
 11049 | D:9      | Noticed Psyche
 11061 | D:9      | Killed Psyche
 11488 | D:10     | Entered Level 10 of the Dungeon
 11558 | D:10     | Found a glowing silver altar of Zin.
 11571 | D:10     | Reached skill level 1 in Earth Magic
 11575 | D:10     | Reached skill level 1 in Fire Magic
 11583 | D:10     | Reached **** piety under Vehumet
 11596 | D:10     | Noticed Erolcha
 11608 | D:10     | Cast into level 1 of the Abyss (Erolcha)
 11738 | Abyss:1  | Noticed a thrashing horror
 11743 | Abyss:1  | Noticed a tentacled starspawn
 11753 | Abyss:1  | Noticed a thrashing horror
 11780 | Abyss:1  | Noticed a tentacled starspawn
 11801 | Abyss:1  | Noticed a blizzard demon
 11807 | Abyss:1  | Noticed an ancient lich
 11822 | Abyss:1  | Offered knowledge of Ignite Poison by Vehumet.
 11882 | Abyss:1  | HP: 3/75 [ancient lich/iron shot (40)]
 11883 | Abyss:1  | Mangled by an ancient lich

Illustrated notes

Levels and vault maps discovered:
D:1:      wander_arrival_peaceful_grave, layout_basic
D:2:      layout_loops_ring, st_stairs_13
D:3:      layout_loops_ring, nicolae_overflow_crystal_walls, old_standard_altar,
          pdpol_wu_jian_five_deadly_venoms, doesnt_xom_only_xom,
          biasface_ghost_orc_armoury
D:4:      layout_basic
D:5:      layout_cave_pools, grunt_qazlal_clouds, temple_pool_b,
          gup_sewer_entry_pipe
D:6:      layout_cave_pods, serial_shops, shop, tgw_kikubaaqudgha
D:7:      minmay_the_grid_triangle_9x9_rhombus_thin
          [minmay_the_grid_triangle_9x9_minimal,
          minmay_the_grid_triangle_9x9_prize_top_heavy,
          minmay_the_grid_triangle_9x9_impossible_snake,
          minmay_the_grid_triangle_9x9_tough_junction], layout_basic,
          serial_shops, shop, grunt_livestock, minmay_misc_feat_roman,
          nicolae_elemental_shop, uniq_pikel
D:8:      layout_basic, okawaru_humans
D:9:      layout_gridville, nicolae_tso_besieged_by_evil, serial_shops, shop,
          uniq_psyche
D:10:     layout_basic, basic_altar, serial_shops, shop, lemuel_centaur_altar,
          uniq_erolcha
Temple:   nicolae_temple_x_marks_the_god
Abyss:1:  base:
D:8

Skill      XL: |  1  2  3  4  5  6  7  8  9 10 11 |
---------------+----------------------------------+-----
Ice Magic      | 5 6 7 8 9 10 11 | 11.7
Stealth        | 2 3 |  3.6
Spellcasting   | 3 4 5 6 8 10 | 10.5
Maces & Flails | 1 |  1.1
Dodging        | 3 4 |  4.9
Polearms       | 1 3 4 5 6 |  6.0
Throwing       | 1 2 4 |  4.7
Fighting       | 1 2 3 |  3.1
Summonings     | 1 2 |  2.0
Earth Magic    | 2 |  2.4
Fire Magic     | 1 |  1.3
Unarmed Combat | |  0.6
Conjurations   | |  0.8

Action                   |  1- 3 |  4- 6 |  7- 9 | 10-12 || total
-------------------------+-------+-------+-------+-------++-------
Melee: Unarmed           |    26 |       |       |       ||    26
       Whip              |    23 |    15 |       |       ||    38
       Dagger            |     2 |       |       |       ||     2
       Halberd           |       |     9 |    75 |    94 ||   178
 Fire: Hunting sling     |       |       |       |     5 ||     5
Throw: Boomerang         |     9 |       |       |     4 ||    13
       Dart              |       |     4 |     8 |       ||    12
       Javelin           |       |       |       |    19 ||    19
 Cast: Freeze            |    30 |       |       |     1 ||    31
       Frozen Ramparts   |     6 |    19 |    53 |    34 ||   112
       Ozocubu's Armour  |       |     5 |    16 |    17 ||    38
       Summon Ice Beast  |       |       |     1 |     6 ||     7
       Hailstorm         |       |       |       |     6 ||     6
       Bolt of Magma     |       |       |       |     5 ||     5
       Shock             |       |       |       |     1 ||     1
 Abil: Hop               |       |       |       |     2 ||     2
Evoke: Wand              |       |       |     1 |     1 ||     2
  Use: Scroll            |     4 |     3 |     6 |     5 ||    18
       Potion            |     6 |     4 |     1 |     6 ||    17
 Stab: Sleeping          |       |       |     2 |     1 ||     3
Armor: Robe              |    16 |    12 |    59 |    61 ||   148
Dodge: Dodged            |    61 |    38 |   108 |   135 ||   342
